 Dungeon Crawl Stone Soup version 0.29.1-2-gbd0b4ee654 (webtiles) character file.

Game seed: 8832763947655878124

89930 Lutefisk the Fighter (level 13, -2/168 HPs)
             Began as a Demonspawn Artificer on Nov 12, 2022.
             Was a Priest of Ru.
             Constricted to death by Jorgrun (9 damage)
             ... on level 14 of the Dungeon.
             The game lasted 02:00:38 (18246 turns).

Lutefisk the Fighter (Demonspawn Artificer)        Turns: 18246, Time: 02:00:38

Health: -2/168     AC: 30    Str: 17    XL:     13   Next: 50%
Magic:  0/13       EV:  8    Int: 13    God:    Ru [***...]
Gold:   2548       SH:  9    Dex: 14    Spells: 12/12 levels left

rFire   . . .      SeeInvis .   v - +5 morningstar (vorpal)
rCold   . . .      Faith    .   o - +2 buckler
rNeg    . . .      Spirit   +   V - +2 chain mail {rPois}
rPois   +          Reflect  .   d - +2 hat {Will+}
rElec   .          Harm     .   S - +0 cloak
rCorr   .          Rampage  .   (gloves unavailable)
Will    ++...                   x - +2 pair of boots {Fly}
Stlth   ..........              w - amulet of regeneration
HPRegen 1.18/turn               H - ring of willpower
MPRegen 0.26/turn               (no ring)

@: berserking, silenced (expiring), grasped by roots, sanguine armoured, flying,
constricted, very quick
A: powered by pain 1, magic shield, magic regeneration, inexperienced 2,
sanguine armour 2, demonic touch 3
a: Renounce Religion


You were on level 14 of the Dungeon.
You worshipped Ru.
Ru was most pleased with you.
You visited 4 branches of the dungeon, and saw 22 of its levels.
You also visited: Bailey and Ice Cave.

You collected 2548 gold pieces.

Inventory:

Hand Weapons
 v - a +5 vorpal morningstar (weapon)
 T - the +8 halberd "Zemios" {vorpal, rF+++ rC+ MP+9 Int-5}
   (You found it in a bailey)

   It inflicts extra damage upon your enemies.
   Int:       It affects your intelligence (-5).
   rF:        It renders you almost immune to fire.
   rC:        It protects you from cold.
   MP:        It affects your magic capacity (+9).
Missiles
 K - 2 throwing nets
 M - 5 atropa-tipped darts (quivered)
Armour
 d - a +2 hat of willpower (worn)
 o - a +2 buckler (worn)
 x - a +2 pair of boots of flying (worn)
 y - a +1 crystal plate armour of cold resistance
 S - a +0 cloak (worn)
 V - a +2 chain mail of poison resistance (worn)
Magical Staves
 E - a staff of air
Jewellery
 k - a ring of protection from fire
 l - an amulet of reflection
 s - a ring of fire
 w - an amulet of regeneration (around neck)
 H - a ring of willpower (left hand)
Wands
 c - a wand of flame (11)
 h - a wand of digging (2)
 m - a wand of quicksilver (4)
Scrolls
 e - a scroll of brand weapon
 j - 8 scrolls of teleportation
 q - 2 scrolls of enchant armour
 z - 4 scrolls of fog
 C - a scroll of poison
 G - 2 scrolls of blinking
 I - 4 scrolls of amnesia
 O - 2 scrolls of magic mapping {unknown}
 P - a scroll of silence
 Q - a scroll of enchant weapon {unknown}
 W - a scroll of torment {unknown}
 X - 3 scrolls of immolation {unknown}
 Y - 2 scrolls of vulnerability {unknown}
Potions
 a - 12 potions of curing
 b - a potion of berserk rage
 f - 3 potions of cancellation
 g - 4 potions of haste
 n - a potion of heal wounds {unknown}
 p - 2 potions of magic
 t - 5 potions of invisibility
 u - 2 potions of resistance
 A - 2 potions of lignification {unknown}
 D - 9 potions of attraction
 F - 8 potions of mutation
 J - 3 potions of flight
 L - 3 potions of might {unknown}
 N - 4 potions of brilliance
 R - a potion of ambrosia {unknown}
Miscellaneous
 i - a tin of tremorstones (2/2)
 r - a condenser vane
 U - a phial of floods


   Skills:
 * Level 13.8 Fighting
 - Level 12.0 Maces & Flails
 - Level 12.0 Armour
 - Level 10.0 Dodging
 - Level 1.0 Stealth
 - Level 11.0 Shields
 - Level 7.0 Evocations


You had 12 spell levels left.
You didn't know any spells.
Your spell library contained the following spells:

 Spells                   Type           Power      Damage    Failure   Level
 Ensorcelled Hibernation  Hex/Ice        0%         N/A       99%         2
 Scorch                   Fire           0%         2d5       99%         2
 Static Discharge         Conj/Air       0%         3-3/arc   99%         2
 Call Canine Familiar     Summ           0%         N/A       100%        3
 Conjure Flame            Conj/Fire      0%         6-21      100%        3
 Dazzling Flash           Conj/Hex       0%         N/A       100%        3
 Frozen Ramparts          Ice            0%         1d1       100%        3
 Gell's Gravitas          Tloc           0%         N/A       100%        3
 Ignite Poison            Fire/Tmut/Pois 0%         N/A       100%        3
 Lesser Beckoning         Tloc           0%         N/A       100%        3
 Portal Projectile        Hex/Tloc       0%         N/A       100%        3
 Spider Form              Tmut/Pois      0%         N/A       100%        3
 Teleport Other           Tloc           0%         N/A       100%        3
 Tukima's Dance           Hex            0%         N/A       100%        3
 Anguish                  Hex/Necr       0%         N/A       100%        4
 Cause Fear               Hex            0%         N/A       100%        4
 Dispel Undead            Necr           0%         3d6       100%        4
 Flame Wave               Conj/Fire      0%         2d4       100%        4
 Ice Form                 Ice/Tmut       0%         N/A       100%        4
 Iskenderun's Mystic Bla  Conj/Tloc      0%         2d3       100%        4
 Leda's Liquefaction      Hex/Erth       0%         N/A       100%        4
 Passage of Golubria      Tloc           0%         N/A       100%        4
 Sticky Flame             Conj/Fire      0%         2d3       100%        4
 Summon Ice Beast         Ice/Summ       0%         N/A       100%        4
 Fireball                 Conj/Fire      0%         3d3       100%        5
 Iskenderun's Battlesphe  Conj           0%         2d6       100%        5
 Silence                  Hex/Air        0%         N/A       100%        5
 Yara's Violent Unravell  Hex/Tmut       0%         3d3       100%        5
 Conjure Ball Lightning   Conj/Air       0%         3x3d6     100%        6
 Iron Shot                Conj/Erth      0%         9d1       100%        6
 Starburst                Conj/Fire      0%         6d3       100%        6
 Summon Cactus Giant      Summ           0%         N/A       100%        6
 Dragon Form              Tmut           0%         N/A       100%        7
 Spellforged Servitor     Conj/Summ      0%         N/A       100%        7
 Discord                  Hex            0%         N/A       100%        8
 Disjunction              Tloc           0%         N/A       100%        8
 Ignition                 Fire           0%         3d3       100%        8
 Lehudib's Crystal Spear  Conj/Erth      0%         10d2      100%        8
 Dragon's Call            Summ           0%         N/A       100%        9
 Fire Storm               Conj/Fire      0%         5d1       100%        9


Dungeon Overview and Level Annotations

Branches:
Dungeon (14/15)            Temple (1/1) D:4            Lair (5/5) D:10
  Swamp (0/4) Lair:3        Snake (0/4) Lair:3        Slime (0/5) Lair:4
    Orc (2/2) D:11         Bailey (visited)           IceCv (visited)
    Elf: Orc:2       Vaults: D:13-14

Altars:
Ashenzari
Cheibriados
Dithmenos
Fedhas
Gozag
Hepliaklqana
Kikubaaqudgha
Makhleb
Nemelex Xobeh
Okawaru
Qazlal
Ru
Sif Muna
Trog
Uskayaw
Vehumet
Wu Jian
Xom
Yredelemnul
Jiyva

Shops:
D:6 [   D:9 (   D:13 (   Orc:2 [

Annotations:
D:7 2 transporters
D:14 Jorgrun
Lair:3 2 transporters, exclusions: ice statue and oklob plant, Wemim's ghost, journeyman TrFi
Lair:5 1 runed translucent door
Orc:1 3 runed translucent doors, TheSexyCheese's ghost, journeyman MiFi


Innate Abilities, Weirdness & Mutations

You sometimes gain a little power by taking damage.
When hurt, damage is shared between your health and your magic reserves.
You regenerate magic rapidly.
You are inexperienced. (-2 XL)
When seriously injured, your blood forms thick armour. (AC +9)
Your touch may irresistibly damage your foes and sap their willpower.


Message History

Jorgrun is heavily wounded.
You block Jorgrun's attack.
You sock Jorgrun!
Jorgrun is heavily wounded.
Jorgrun hits you but does no damage.
You miss Jorgrun.
Jorgrun is heavily wounded.
Jorgrun hits you with a +0 vorpal quarterstaff!
You focus on the pain.
You feel your power returning.
Your blood congeals into armour.
You barely miss Jorgrun.
Jorgrun is heavily wounded.
Jorgrun points at you and mumbles some strange words.
The iron shot hits you!!!
* * * LOW HITPOINT WARNING * * *
Unknown command.
Okay, then.
A red film seems to cover your vision as you go berserk!
You feel yourself moving faster!
You feel mighty!
Jorgrun points at you and mumbles some strange words.
Roots burst forth from the earth!
The grasping roots grab you! The grasping roots constrict you!
* * * LOW HITPOINT WARNING * * *
You barely miss Jorgrun.
Jorgrun is heavily wounded.
Jorgrun gestures at you while chanting. You resist with almost no effort.
The grasping roots constrict you.
You impale Jorgrun!!
Jorgrun is severely wounded.
You closely miss Jorgrun.
Jorgrun is severely wounded.
Jorgrun misses you. The grasping roots constrict you.
* * * LOW HITPOINT WARNING * * *
You hit Jorgrun.
Jorgrun is severely wounded.
Jorgrun hits you with a +0 vorpal quarterstaff!
* * * LOW HITPOINT WARNING * * *
x2 The grasping roots constrict you!
You die...

########.#
#..@g....#
#.########
#.# #.#
#.# #.#
#.# #.#
#.#


You could see Jorgrun.

Vanquished Creatures
  Gastronok (D:10)
  A reaper (IceCv)
  Josephine (Lair:4)
  A boulder beetle (Lair:5)
  4 vault guards (D:13)
  7 hydras
  4 centaur warriors (D:13)
  Erica (D:11)
  3 death yaks (Lair:4)
  4 two-headed ogres
  A tengu warrior (D:11)
  Urug (D:11)
  An orc high priest (Orc:1)
  A skeletal warrior (D:11)
  A deep troll (D:11)
  Pikel (D:4)
  A lindwurm (Lair:5)
  3 deep elf pyromancers
  An orc knight (Orc:1)
  2 manticores
  3 orc sorcerers (Orc:2)
  7 ugly things
  An oklob plant (D:10)
  4 cyclopes
  9 elephants
  6 torpor snails
  4 black mambas
  11 centaur zombies (D:11)
  12 cane toads
  2 centaur skeletons (D:10)
  An ice statue (IceCv)
  6 gargoyles
  A freezing wraith (IceCv)
  A kobold demonologist (D:13)
  A rime drake (Lair:2)
  An efreet (D:13)
  9 komodo dragons
  A tengu conjurer (D:11)
  A spectral unseen horror (D:10)
  2 ice devils (D:13)
  A meliai (shapeshifter) (D:11)
  An anaconda simulacrum (IceCv)
  An unseen horror skeleton (D:10)
  5 trolls
  4 tyrant leeches (Lair:5)
  14 polar bears
  5 slime creatures (D:12)
  9 hornets
  2 raiju (Lair:5)
  4 dream sheep
  13 blink frogs
  9 shadows
  Sigmund (D:2)
  12 wraiths
  Eustachio (D:4)
  5 vampires
  28 yaks
  3 wyverns
  A dire elephant simulacrum (IceCv)
  2 basilisks
  Grum (D:11)
  A steam dragon (D:8)
  15 vampire mosquitoes
  Menkaure (D:6)
  2 death yak simulacra (IceCv)
  A harpy simulacrum (IceCv)
  2 nagas (Lair:3)
  12 wargs
  15 hell hounds (Lair:5)
  An acid dragon (D:11)
  15 water moccasins
  28 orc warriors
  A swamp drake (Lair:3)
  A sky beast (D:6)
  Duvessa (D:5)
  15 black bears
  2 ogres
  10 centaurs
  29 wolves
  2 phantoms
  10 bullfrogs
  Blork the orc (D:5)
  2 gnoll sergeants
  6 kobold brigands
  The ghost of qeuew the Sneak, an amateur SpEn (D:3)
  6 scorpions
  3 necrophages
  6 two-headed ogre simulacra (IceCv)
  A cane toad simulacrum (IceCv)
  6 wights (D:7)
  Dowan (D:5)
  2 elephant simulacra (IceCv)
  3 killer bees (D:10)
  8 vampire bats (Bailey)
  12 howler monkeys
  8 wolf zombies (Bailey)
  A lava snake (D:7)
  4 hounds
  4 gnoll boudas
  2 jellies
  8 orc priests
  Ijyb (D:5)
  18 orc wizards
  A boggart zombie (D:11)
  3 iguanas
  4 polar bear simulacra (IceCv)
  3 spriggan simulacra (IceCv)
  5 troll simulacra (IceCv)
  A wolf simulacrum (IceCv)
  A mummy (D:8)
  2 howler monkey zombies (D:11)
  22 gnolls
  11 adders
  A howler monkey skeleton (D:10)
  6 naga simulacra (IceCv)
  A shadow imp (D:8)
  6 white imps
  A howler monkey simulacrum (D:3)
  9 ufetubi
  2 dart slugs
  An adder simulacrum (D:3)
  84 orcs
  4 ball pythons
  6 endoplasms
  2 giant cockroaches
  17 goblins
  16 hobgoblins
  22 kobolds
  3 quokkas
  4 bats
  2 frilled lizards (D:2)
  A giant cockroach simulacrum (D:3)
  22 orc zombies (Bailey)
  2 quokka simulacra (D:3)
  2 rats
780 creatures vanquished.

Vanquished Creatures (collateral kills)
  A yak (D:9)
  An ice beast (D:8)
  A necrophage (D:8)
  A wight (D:7)
  An orc (D:9)
5 creatures vanquished.

Vanquished Creatures (others)
  A hydra (D:12)
  A cyclops (D:11)
  A cane toad (Lair:4)
  2 slime creatures (D:13)
  3 vampire mosquitoes (D:10)
  A hydra simulacrum (IceCv)
  An orc warrior (Orc:1)
  A lemure (D:4)
  A wight (D:7)
  An orc wizard (D:11)
  45 fungi
  79 plants
  4 withered plants (D:11)
141 creatures vanquished.

Grand Total: 926 creatures vanquished

Notes
Turn   | Place    | Note
-------+----------+-------------------------------------------
     0 | D:1      | Lutefisk the Demonspawn Artificer began the quest for the
                  | Orb.
     0 | D:1      | Reached XP level 1. HP: 15/15 MP: 1/1
   191 | D:1      | Reached skill level 2 in Fighting
   193 | D:1      | Gained mutation: Your touch may inflict minor irresistible
                  | damage on your foes. [demonic ancestry]
   193 | D:1      | Reached XP level 2. HP: 19/22 MP: 2/2
   388 | D:1      | Found a faded altar of an unknown god.
   831 | D:2      | Reached skill level 3 in Fighting
   831 | D:2      | Gained mutation: When seriously injured, your blood forms
                  | armour. (AC +9) [demonic ancestry]
   831 | D:2      | Reached XP level 3. HP: 21/29 MP: 3/3
   996 | D:2      | Reached skill level 1 in Maces & Flails
  1010 | D:2      | Noticed Sigmund
  1019 | D:2      | Killed Sigmund
  1020 | D:2      | Reached skill level 1 in Dodging
  1020 | D:2      | Reached skill level 1 in Stealth
  1020 | D:2      | Reached skill level 4 in Fighting
  1020 | D:2      | Gained mutation: You sometimes gain a little power by
                  | taking damage. [demonic ancestry]
  1020 | D:2      | Reached XP level 4. HP: 21/37 MP: 4/4
  1020 | D:2      | Gained mutation: You regenerate magic rapidly. [demonic
                  | ancestry]
  1020 | D:2      | Reached XP level 5. HP: 24/42 MP: 5/5
  1321 | D:3      | Found a runed translucent gate.
  1321 | D:3      | Found a runed translucent gate.
  1323 | D:3      | Found a runed translucent gate.
  1349 | D:3      | Noticed qeuew's ghost (amateur SpEn)
  1675 | D:3      | Killed qeuew's ghost
  1676 | D:3      | Gained mutation: When hurt, damage is shared between your
                  | health and your magic reserves. [demonic ancestry]
  1676 | D:3      | Reached XP level 6. HP: 48/48 MP: 6/6
  1873 | D:4      | Noticed Pikel
  1897 | D:4      | Killed Pikel
  1898 | D:4      | Reached skill level 5 in Fighting
  1898 | D:4      | Gained mutation: When seriously injured, your blood forms
                  | thick armour. (AC +9) [demonic ancestry]
  1898 | D:4      | Reached XP level 7. HP: 38/56 MP: 4/7
  1921 | D:4      | Reached skill level 5 in Maces & Flails
  1999 | D:4      | Noticed Eustachio
  2022 | D:4      | Killed Eustachio
  2046 | D:4      | You fall into a shaft and drop 3 floors!
  2224 | D:7      | Reached XP level 8. HP: 37/64 MP: 6/8
  2357 | D:7      | Reached skill level 6 in Fighting
  2527 | D:6      | Found Jenutt's Armour Emporium.
  2680 | D:5      | Entered Level 5 of the Dungeon
  2720 | D:6      | Noticed Menkaure
  2731 | D:6      | Killed Menkaure
  2750 | D:6      | Paralysed by a gnoll bouda for 3 turns
  2765 | D:6      | Paralysed by a gnoll bouda for 4 turns
  2822 | D:6      | Reached XP level 9. HP: 29/69 MP: 5/9
  2876 | D:5      | Noticed Dowan
  3015 | D:5      | Noticed Blork the orc
  3041 | D:5      | Killed Blork the orc
  3229 | D:5      | Noticed Ijyb
  3244 | D:5      | Killed Ijyb
  3245 | D:5      | Reached skill level 7 in Fighting
  3295 | D:5      | Found a hide-covered altar of Uskayaw.
  3408 | D:4      | Found a shimmering blue altar of Sif Muna.
  3660 | D:4      | Noticed an angel
  3863 | D:4      | Found an opulent altar of Gozag.
  3863 | D:4      | Found a broken altar of Ashenzari.
  3870 | D:4      | Found an ornate altar of the Wu Jian Council.
  3871 | D:4      | Found a faded altar of an unknown god.
  3948 | D:4      | Found a staircase to the Ecumenical Temple.
  4030 | D:5      | Noticed Duvessa
  4044 | D:5      | Killed Duvessa
  4045 | D:5      | Reached skill level 8 in Fighting
  4045 | D:5      | Killed Dowan
  4079 | Temple   | Entered the Ecumenical Temple
  4420 | Temple   | Became a worshipper of Ru the Awakened
  4782 | D:6      | Reached skill level 5 in Evocations
  4862 | D:7      | Found a transporter.
  4892 | D:7      | Found a transporter.
  5145 | D:7      | Reached skill level 5 in Armour
  5195 | D:8      | Gained mutation: Your touch may inflict irresistible damage
                  | on your foes. [demonic ancestry]
  5195 | D:8      | Reached XP level 10. HP: 50/80 MP: 10/10
  5319 | D:8      | Noticed a gargoyle
  5322 | D:8      | Gained mutation: You are somewhat inexperienced. (-1 XL)
                  | [Ru sacrifice]
  5322 | D:8      | Reached XP level 9. HP: 50/74 MP: 9/9
  5322 | D:8      | Reached * piety under Ru
  5322 | D:8      | Reached ** piety under Ru
  5338 | D:8      | Killed a gargoyle
  5536 | D:8      | Found a snail-covered altar of Cheibriados.
  5547 | D:8      | Reached skill level 10 in Maces & Flails
  5648 | D:8      | Found a flagged portal.
  5660 | Bailey   | Entered a bailey
  5839 | Bailey   | Reached skill level 9 in Fighting
  5924 | Bailey   | Noticed a gargoyle
  5930 | Bailey   | Killed a gargoyle
  5966 | Bailey   | Identified the +8 halberd "Zemios" {vorpal, rF+++ rC+ MP+9
                  | Int-5}
  6115 | D:9      | Reached skill level 10 in Fighting
  6189 | D:9      | Reached XP level 10. HP: 53/85 MP: 8/10
  6445 | D:9      | Found Uhoch's Antique Weapon Boutique.
  6509 | D:10     | Entered Level 10 of the Dungeon
  6661 | D:9      | Found a stormy altar of Qazlal.
  6738 | D:9      | Found a shadowy altar of Dithmenos.
  6868 | D:11     | Noticed Grum
  6885 | D:11     | Killed Grum
  6907 | D:11     | Noticed a seven-headed hydra
  6911 | D:11     | Noticed Urug
  7008 | D:10     | Noticed a two-headed ogre
  7041 | D:10     | Killed a two-headed ogre
  7162 | D:10     | Noticed Gastronok
  7170 | D:10     | Reached skill level 5 in Dodging
  7439 | D:10     | Killed Gastronok
  7500 | D:10     | Found a staircase to the Lair.
  7502 | D:10     | Noticed an oklob plant
  7740 | D:10     | Killed an oklob plant
  7998 | Lair:1   | Entered Level 1 of the Lair of Beasts
  8059 | Lair:1   | Reached skill level 1 in Shields
  8241 | Lair:1   | Noticed a four-headed hydra
  8292 | Lair:1   | Reached XP level 11. HP: 63/90 MP: 8/11
  8391 | Lair:1   | Killed a four-headed hydra
  8434 | Lair:1   | Reached skill level 10 in Armour
  8678 | Lair:2   | Reached skill level 5 in Shields
  8908 | Lair:3   | Found a staircase to the Swamp.
  8944 | Lair:3   | Found a transporter.
  9024 | Lair:3   | Found a transporter.
  9031 | Lair:3   | Noticed a death yak
  9219 | Lair:3   | Noticed Wemim's ghost (journeyman TrFi)
  9229 | Lair:3   | Noticed a death yak
  9229 | Lair:3   | Noticed a death yak
  9295 | Lair:4   | Noticed Josephine
  9295 | Lair:4   | Noticed a six-headed hydra
  9322 | Lair:4   | Killed a six-headed hydra
  9324 | Lair:4   | HP: 1/85 [Josephine/ghostly fireball (24)]
  9787 | Lair:4   | Found a staircase to the Slime Pits.
  9787 | Lair:4   | Found a viscous altar of Jiyva.
 10173 | Lair:4   | Killed Josephine
 10185 | Lair:4   | Reached XP level 12. HP: 54/97 MP: 12/12
 10198 | Lair:4   | Gained mutation: You are inexperienced. (-2 XL) [Ru
                  | sacrifice]
 10198 | Lair:4   | Reached XP level 11. HP: 57/90 MP: 11/11
 10198 | Lair:4   | Reached *** piety under Ru
 10307 | Lair:5   | Entered Level 5 of the Lair of Beasts
 11195 | Lair:5   | Reached skill level 11 in Fighting
 11777 | Lair:5   | Found a runed translucent door.
 12565 | Lair:3   | Reached XP level 12. HP: 59/100 MP: 12/12
 12702 | Lair:3   | Reached skill level 10 in Shields
 12716 | Lair:3   | Found a staircase to the Snake Pit.
 13046 | D:11     | Noticed Erica
 13087 | D:11     | Killed Urug
 13087 | D:11     | Killed Erica
 13191 | D:11     | Reached skill level 10 in Dodging
 13508 | D:11     | Found a staircase to the Orcish Mines.
 13545 | Orc:1    | Entered Level 1 of the Orcish Mines
 13645 | Orc:1    | Reached skill level 12 in Fighting
 13887 | Orc:1    | Found a runed translucent gate.
 13888 | Orc:1    | Found a runed translucent gate.
 13888 | Orc:1    | Found an opulent altar of Gozag.
 13889 | Orc:1    | Found a runed translucent gate.
 14003 | Orc:1    | Noticed TheSexyCheese's ghost (journeyman MiFi)
 14032 | Orc:2    | Entered Level 2 of the Orcish Mines
 14032 | Orc:2    | Noticed an orc warlord
 14315 | Orc:2    | Found Vujinis's Antique Armour Shoppe.
 14443 | Orc:2    | Noticed an orc warlord
 15871 | D:12     | Gained mutation: Your touch may irresistibly damage your
                  | foes and sap their willpower. [demonic ancestry]
 15871 | D:12     | Reached XP level 13. HP: 52/106 MP: 13/13
 16762 | D:13     | Found Exuph's Weapon Emporium.
 16871 | D:13     | Found a frozen archway.
 16975 | IceCv    | Entered an ice cave
 17296 | IceCv    | Reached skill level 13 in Fighting
 17300 | IceCv    | Got the Grimoire of Blows and Bruises
 18220 | D:14     | Noticed Jorgrun
 18246 | D:14     | HP: 7/168 [Jorgrun/+0 vorpal quarterstaff (2)]
 18246 | D:14     | Constricted to death by Jorgrun

Illustrated notes

Levels and vault maps discovered:
D:1:      tarquinn_simple_flora_water_b, layout_basic, serial_corexii_hall,
          corexii_hall_statues_l, corexii_hall_statues_i,
          corexii_hall_statues_l, chequers_hall_statues_corner_a,
          nicolae_ecumenical_snake_handling
D:2:      layout_loops_ring, minmay_tetromino_t2, uniq_sigmund
D:3:      layout_basic, nicolae_tso_swordbearing_angel, gammafunk_ghost_icy
D:4:      layout_rooms, zin_angel, nicolae_overflow_hidden_temple,
          chequers_temple_overflow_minitemple, minmay_temple_entry_from_below_b,
          roderic_lattice_a, uniq_pikel, uniq_eustachio
D:5:      layout_gridville, mainiacjoe_overflow_24_doors, uniq_ijyb,
          uniq_duvessa, uniq_blork_the_orc
D:6:      corexii_shantytown, layout_rooms, serial_shops, kennysheep_little_box,
          minmay_fractal_squares_5, uniq_menkaure
D:7:      layout_gridville, gammafunk_ghost_abyssal_escape, kennysheep_diamond
D:8:      cheibrodos_ideogram_h, layout_loops_ring, slow_altar_1, enter_bailey_4
D:9:      layout_cave_pods, nicolae_qazlal_eye_of_the_storm,
          mainiacjoe_overflow_concentric_impassable, serial_shops,
          nicolae_shop_behind_doors, nrook_campfire, hangedman_decor_slide_cut
D:10:     layout_rooms, dpeg_oklobed_lair, hangedman_weighted_door,
          minmay_crystal_room, grunt_ministairs_7, uniq_gastronok
D:11:     minmay_bubble_buster, layout_stronghold,
          minmay_orc_entry_temple_small, serial_undead, serial_undead_a,
          serial_undead_d, serial_undead_f, serial_undead_a, serial_undead_f,
          serial_undead_e, serial_undead_d, serial_undead_b, serial_undead_f,
          serial_undead_e, minmay_evil_grid, uniq_grum, uniq_erica, uniq_urug
D:12:     layout_cave_pods
D:13:     layout_gridville, lightli_vaults_fourway_checkpoint, serial_shops,
          nicolae_inconvenience_store, portal_ice_cave_demonic_guard
D:14:     minmay_nested_s, layout_loops_ring, uniq_roxanne, uniq_snorg,
          uniq_jorgrun
Temple:   bh_familiar_temple
Lair:1:   layout_chaotic_city, grunt_megastairs_3
Lair:2:   layout_hall_layers, infiniplex_staircase_pool, grunt_megastairs_1
Lair:3:   layout_cave_pods, minmay_swamp_entry_reptiles,
          guppyfry_snake_entry_island, nzn_ghost_randoct
Lair:4:   layout_loops_ring, slime_entry_1, uniq_josephine
Lair:5:   wormcave, layout_regular_city, hangedman_lair_caniforms_friends,
          serial_bayou_pond_d, eino_small_chamber_without_monster,
          serial_bayou_shore_b
Orc:1:    layout_caves, ebering_ghost_gozag, mines5_lemuel
Orc:2:    grunt_orc_gardens, layout_caves, grunt_orc_garden, grunt_orc_garden,
          grunt_orc_garden, grunt_orc_garden, minmay_orc_temple_b

Skill      XL: |  1  2  3  4  5  6  7  8  9 10 11 12 13 |
---------------+----------------------------------------+-----
Fighting       | 2 3 4 5 6 10 11 12 13 | 13.8
Maces & Flails | 3 4 5 8 10 9 11 12 | 12.0
Armour         | 2 3 5 9 11 12 | 12.0
Dodging        | 1 2 4 6 9 10 | 10.0
Stealth        | 1 |  1.0
Evocations     | 4 5 6 7 |  7.0
Shields        | 2 9 10 11 | 11.0

Action                   |  1- 3 |  4- 6 |  7- 9 | 10-12 | 13-15 || total
-------------------------+-------+-------+-------+-------+-------++-------
Melee: Club              |    19 |       |       |       |       ||    19
       Mace              |    59 |    33 |    62 |       |       ||   154
       Punch             |     2 |       |     7 |     8 |       ||    17
       Touch             |     4 |     4 |    83 |    36 |       ||   127
       Morningstar       |       |       |   458 |  2088 |   538 ||  3084
       Whip              |       |       |    30 |       |       ||    30
       Halberd           |       |       |       |     7 |       ||     7
 Fire: Sling             |       |       |     2 |     1 |       ||     3
Throw: Dart              |       |       |    10 |    23 |       ||    33
       Throwing net      |       |       |     1 |       |       ||     1
       Boomerang         |       |       |       |     2 |       ||     2
Invok: Sacrifice Experie |       |       |     1 |     1 |       ||     2
       Reject Sacrifices |       |       |       |     3 |       ||     3
       Draw Out Power    |       |       |       |    17 |     5 ||    22
Evoke: Wand              |     2 |     8 |    17 |    41 |    15 ||    83
       Tin of tremorston |       |       |       |     2 |       ||     2
       Phial of floods   |       |       |       |     1 |       ||     1
  Use: Scroll            |       |       |       |    28 |     5 ||    33
       Potion            |       |       |       |     6 |     1 ||     7
 Stab: Sleeping          |     4 |       |       |       |       ||     4
       Held in net/web   |       |       |     1 |       |       ||     1
       Paralysed         |       |       |       |    21 |       ||    21
       Invisible         |       |       |       |     6 |     1 ||     7
       Distracted        |       |       |       |     4 |     2 ||     6
       Confused          |       |       |       |     1 |       ||     1
Armor: Leather armour    |    22 |    10 |    21 |       |       ||    53
       Ring mail         |       |       |    49 |       |       ||    49
       Scale mail        |       |       |   146 |    95 |       ||   241
       Chain mail        |       |       |       |   955 |   284 ||  1239
Dodge: Dodged            |    49 |    12 |   295 |   804 |   206 ||  1366
Block: Other             |     6 |     7 |   128 |    49 |       ||   190
       Reflection        |       |       |     1 |    25 |     1 ||    27
       Buckler           |       |       |       |  1336 |   272 ||  1608
